Map: Dreamcatcher LE

Players

RiSky

  • Race: Zerg Zerg
  • League: Master
  • Spawn Location: 5:00

Zest - Winner!

  • Race: Protoss Protoss
  • League: Master
  • Spawn Location: 11:00

Event: HomeStory Cup XVII

VOD

Have the link to the VOD?

Description

Time

  • Played on: June 28, 2018, 11:23 a.m.
  • Length: 14:44

All games in this series

Show
View Real Time Build Order
Export as new Build Order

RiSky Zerg 

Build Orders: Hatch First, Lurkers, Roach Hydra 

Get SALT Encoding   

  12  0:00  Drone  
  13  0:13  Overlord  
  13  0:18  Drone  
  14  0:31  Drone x2  
  16  0:49  Hatchery  
  15  0:52  Drone  
  15  0:55  Drone  
  17  0:59  Drone  
  18  1:09  Extractor  
  17  1:15  Spawning Pool  
  16  1:19  Drone  
  16  1:21  Drone  
  18  1:29  Drone  
  19  1:39  Overlord  
  19  1:50  Drone  
  20  2:00  Drone  
  21  2:01  Zergling x2  
  21  2:03  Queen x2  
  26  2:09  Metabolic Boost  
  26  2:11  Drone  
  26  2:15  Drone  
  28  2:23  Drone  
  28  2:24  Drone  
  30  2:35  Zergling x2  
  31  2:39  Hatchery  
  31  2:41  Drone  
  31  2:48  Overlord  
  31  2:53  Queen  
  31  2:56  Drone  
  31  2:57  Drone  
  35  3:00  Drone  
  36  3:06  Drone  
  36  3:08  Drone  
  38  3:13  Drone x2  
  38  3:14  Drone x3  
  38  3:18  Overlord  
  43  3:21  Drone  
  44  3:30  Overlord  
  44  3:36  Overlord, Lair  
  44  3:37  Drone  
  45  3:43  Spore Crawler  
  45  3:47  Spore Crawler  
  43  3:49  Roach Warren, Drone x2  
  43  3:52  Drone  
  45  3:56  Drone  
  45  3:57  Drone x2  
  45  4:02  Drone  
  49  4:05  Drone x2  
  49  4:06  Drone x2  
  49  4:09  Spore Crawler  
  52  4:10  Drone  
  52  4:13  Drone  
  52  4:14  Drone  
  52  4:15  Spore Crawler  
  54  4:17  Drone  
  54  4:20  Extractor  
  54  4:21  Drone  
  54  4:22  Extractor  
  54  4:24  Drone  
  54  4:25  Overlord  
  54  4:26  Drone  
  54  4:27  Drone  
  54  4:29  Drone  
  58  4:33  Overlord  
  58  4:39  Overlord  
  58  4:45  Overlord  
  58  4:47  Glial Reconstitution  
  58  4:49  Drone x4  
  58  4:52  Overlord  
  62  4:55  Drone  
  62  4:56  Queen, Drone x2  
  67  5:01  Roach x3  
  67  5:04  Roach  
  67  5:06  Roach  
  77  5:07  Roach  
  77  5:10  Roach  
  77  5:12  Roach  
  83  5:19  Overlord, Roach x3  
  89  5:22  Roach x2  
  89  5:27  Roach  
  95  5:30  Overlord  
  95  5:39  Overlord  
  93  5:43  Drone  
  93  5:44  Drone x6  
  93  5:48  Evolution Chamber  
  99  5:50  Hydralisk Den  
  99  5:53  Drone x2  
  100  5:58  Overlord  
  100  6:03  Drone, Extractor  
  100  6:04  Drone, Extractor  
  100  6:05  Extractor  
  100  6:07  Roach, Hatchery  
  99  6:13  Drone  
  99  6:14  Roach x3  
  106  6:20  Drone  
  106  6:23  Overlord  
  106  6:24  Drone  
  106  6:25  Drone x2  
  110  6:27  Drone  
  110  6:28  Zerg Missile Weapons Level 1  
  110  6:30  Drone  
  110  6:35  Muscular Augments  
  110  6:36  Overlord  
  110  6:38  Lurker Den  
  110  6:39  Drone  
  109  6:41  Queen, Drone  
  109  6:43  Queen  
  109  6:44  Hydralisk x3  
  120  6:54  Hydralisk x3  
  126  7:02  Overlord  
  126  7:03  Hydralisk  
  126  7:06  Overlord  
  128  7:10  Overlord x2  
  128  7:14  Drone x3  
  130  7:19  Overlord x2  
  130  7:21  Hydralisk x4, Extractor  
  139  7:24  Pneumatized Carapace  
  139  7:25  Hydralisk x3  
  139  7:28  Extractor  
  142  7:30  Hydralisk x2  
  142  7:33  Drone  
  142  7:35  Hydralisk  
  149  7:37  Hydralisk  
  149  7:40  Overlord  
  149  7:41  Drone  
  149  7:42  Extractor  
  149  7:44  Overlord  
  151  7:45  Drone  
  151  7:47  Drone x2  
  151  7:51  Drone x4  
  154  7:52  Overlord  
  154  7:54  Drone x2  
  154  7:55  Drone x2  
  160  7:59  Hydralisk  
  162  8:10  Lurker x4  
  162  8:12  Zergling x6  
  169  8:13  Zergling x10  
  169  8:18  Hydralisk x2  
  176  8:22  Lurker  
  171  8:30  Zerg Missile Weapons Level 2  
  171  8:32  Grooved Spines  
  171  8:36  Roach  
  171  8:37  Roach x3, Hatchery  
  171  8:39  Roach x2  
  171  8:40  Overseer  
  182  8:42  Zergling x2  
  182  8:43  Zergling x12  
  189  8:49  Zergling x8  
  189  8:53  Hydralisk x2  
  197  9:02  Spine Crawler  
  193  9:03  Hydralisk  
  193  9:04  Spine Crawler, Hydralisk x2  
  191  9:11  Hydralisk x3  
  191  9:15  Hydralisk x3  
  197  9:21  Hydralisk  
  197  9:24  Zergling x2  
  198  9:36  Hydralisk x3  
  153  9:40  Hydralisk x3  
  153  9:43  Hydralisk x5  
  153  9:44  Hydralisk x3  
  169  9:48  Hydralisk  
  169  9:49  Hydralisk  
  167  9:53  Hydralisk x2  
  170  10:01  Roach x2  
  173  10:07  Roach x3  
  179  10:18  Roach x4  
  187  10:23  Roach  
  185  10:29  Roach x4  
  185  10:30  Roach x3  
  185  10:34  Hatchery  
  194  10:44  Lurker x5  
  199  10:52  Zerg Ground Armor Level 1  
  199  10:55  Infestation Pit  
  198  10:59  Overseer  
  198  11:09  Overseer  
  198  11:13  Ravager  
  192  11:26  Hydralisk x4  
  192  11:30  Hydralisk x4  
  194  11:36  Hydralisk x7  
  186  11:48  Roach x6  
  186  11:49  Drone x4  
  186  11:50  Drone  
  194  11:58  Drone x2  
  194  11:59  Drone x4  
  194  12:10  Overlord x2  
  194  12:12  Hydralisk x2  
  196  12:28  Hydralisk x8  
  196  12:35  Hydralisk x3  
  198  12:41  Roach x2  
  198  12:42  Roach  
  194  12:44  Roach  
  194  12:50  Overlord  
  192  12:54  Roach x3  
  192  12:57  Roach x3  
  191  13:01  Hydralisk x2  
  191  13:04  Hydralisk x2  
  157  13:07  Hydralisk  
  157  13:10  Hydralisk  
  135  13:13  Hydralisk  
  135  13:15  Hydralisk x2  
  139  13:23  Hydralisk x3  
  133  13:27  Hydralisk x2  
  133  13:32  Roach x3  
  132  13:38  Roach x3  
  138  13:41  Roach x2  
  138  13:45  Roach x2  
  144  13:52  Roach  
  144  13:53  Roach x2  
  148  13:56  Roach  
  148  13:57  Roach  
  147  14:06  Roach x3  
  134  14:10  Roach x3  
  131  14:19  Roach x5  
Show
View Real Time Build Order
Export as new Build Order

Zest Protoss - Winner!

Build Orders: 1 Gate Expand, Oracle Opening, Phoenix Opening, Archon Immortal, Zealot Archon, Archon Drop 

Get SALT Encoding   

  12  0:00  Probe  
  13  0:12  Probe  
  14  0:18  Pylon  
  14  0:24  Probe  
  15  0:32  Probe  
  15  0:38  Gateway  
  15  0:40  Probe  
  16  0:46  Assimilator  
  17  0:51  Probe  
  18  1:03  Probe  
  19  1:15  Probe  
  20  1:24  Nexus  
  20  1:33  Cybernetics Core  
  20  1:36  Probe  
  21  1:42  Assimilator  
  21  1:48  Probe  
  21  1:53  Pylon  
  22  2:01  Probe  
  23  2:02  Adept  
  23  2:13  Stargate  
  23  2:15  Probe  
  26  2:23  Warp Gate  
  26  2:27  Probe  
  26  2:28  Adept  
  29  2:32  Probe  
  30  2:39  Probe  
  30  2:40  Probe  
  32  2:47  Phoenix  
  32  2:50  Probe  
  32  2:51  Probe  
  36  3:03  Probe x2  
  36  3:04  Oracle  
  38  3:07  Pylon  
  38  3:15  Probe  
  42  3:23  Probe  
  42  3:25  Assimilator  
  43  3:27  Assimilator, Probe  
  44  3:35  Probe  
  44  3:37  Probe, Robotics Facility  
  46  3:45  Probe  
  46  3:47  Probe  
  47  3:51  Twilight Council  
  47  3:53  Probe  
  48  3:58  Pylon  
  48  3:59  Probe  
  50  4:07  Charge, Probe  
  51  4:11  Probe  
  51  4:15  Warp Prism  
  52  4:20  Gateway x2  
  52  4:22  Gateway  
  52  4:30  Templar Archives  
  54  4:38  Gateway  
  54  4:40  Gateway  
  54  4:43  Zealot  
  56  4:47  Probe  
  56  4:48  Probe  
  58  4:55  Pylon  
  58  5:05  Nexus  
  58  5:08  Pylon  
  58  5:16  High Templar  
  58  5:17  High Templar x3  
  58  5:21  Archon x2  
  66  5:23  Observer  
  66  5:26  Shield Battery  
  67  5:41  Immortal  
  69  5:42  Probe  
  69  5:45  Zealot x2  
  69  5:47  Pylon  
  69  5:48  Zealot  
  78  6:03  Pylon  
  78  6:10  Immortal  
  78  6:21  Probe x3  
  85  6:30  Psionic Storm  
  85  6:33  Probe x3  
  85  6:35  Pylon  
  85  6:36  Pylon  
  85  6:37  Pylon  
  88  6:40  Immortal, Zealot x2  
  88  6:45  High Templar x2, Probe x2  
  97  6:48  Probe  
  97  6:54  Pylon  
  102  6:55  Assimilator  
  102  6:57  Probe  
  102  6:59  Probe  
  102  7:00  Assimilator, Probe  
  105  7:09  Probe, Pylon  
  105  7:11  Probe  
  105  7:12  Probe  
  108  7:15  Forge  
  108  7:17  Immortal  
  108  7:21  Probe  
  113  7:26  High Templar x2  
  113  7:27  Protoss Ground Weapons Level 1, Zealot x4  
  125  7:43  Probe x2  
  127  7:48  Probe  
  127  7:51  Immortal  
  128  7:52  Photon Cannon  
  128  7:56  Probe x2  
  130  8:00  Probe, Robotics Facility  
  130  8:01  Pylon  
  135  8:17  Pylon  
  135  8:24  Immortal  
  135  8:28  Nexus  
  135  8:32  Pylon  
  139  8:35  Photon Cannon  
  139  8:36  Photon Cannon  
  139  8:37  Photon Cannon  
  139  8:39  Photon Cannon  
  139  8:40  Photon Cannon, High Templar x2  
  143  8:47  Zealot x4  
  151  8:55  Immortal  
  151  8:56  Immortal  
  155  9:09  Zealot  
  159  9:15  Protoss Ground Weapons Level 2  
  141  9:28  Zealot x5  
  147  9:31  Immortal  
  144  9:41  Archon  
  144  9:43  Zealot  
  144  9:44  Immortal  
  142  9:54  Zealot  
  142  9:55  Zealot x4  
  142  9:59  Probe x2  
  155  10:00  Probe  
  155  10:04  Immortal  
  155  10:08  Stargate  
  155  10:09  Oracle  
  155  10:11  Fleet Beacon  
  158  10:18  Gateway  
  158  10:21  Gateway, High Templar x2  
  158  10:22  High Templar x3  
  158  10:23  High Templar  
  158  10:24  Gateway, Observer  
  158  10:26  Gateway  
  158  10:27  Archon  
  158  10:28  Archon x2  
  160  10:43  Observer  
  161  10:54  Assimilator, Zealot x2  
  161  10:55  Assimilator, Zealot x4  
  173  11:12  Carrier  
  173  11:15  Zealot x6  
  182  11:22  Carrier  
  181  11:38  Zealot x4  
  179  11:42  Zealot x2  
  179  11:43  Zealot x2  
  174  11:57  Stalker x2  
  174  11:58  Graviton Catapult  
  178  12:05  Warp Prism x2  
  182  12:10  Pylon  
  182  12:11  Dark Shrine  
  182  12:12  Photon Cannon  
  182  12:13  Pylon  
  169  12:30  Carrier  
  169  12:37  Carrier  
  172  12:53  Zealot x2  
  176  13:04  Archon  
  176  13:05  Archon  
  162  13:07  Observer  
  162  13:08  Zealot x6  
  162  13:10  Warp Prism  
  162  13:11  Immortal  
  159  13:22  Zealot x2  
  159  13:23  Zealot x2  
  167  13:34  Probe x2  
  169  13:37  Immortal  
  173  13:48  High Templar  
  173  13:49  High Templar x9  
  182  14:43  Archon, Zealot  
  182  14:44  Zealot x8  
Tags
 
Add a new tag
Caveats
  • Supply blocks, unpowered buildings, or Contaminate may cause inaccurate times.
  • Supply counts are checked every 10 seconds.